[Event "Al Mahmud Memorial Probashi Chess-ch 202"]
[Site "Dhaka"]
[Date "2022.02.13"]
[Round "9.6"]
[White "Md., Sharif Hossain"]
[Black "Ahmed, Sheikh Nasir"]
[Result "1-0"]
[ECO "B82"]
[WhiteElo "2211"]
[BlackElo "2168"]
[Annotator "NA"]
[PlyCount "77"]
[EventDate "2022.02.06"]
[EventCountry "BAN"]
[SourceTitle "playchess.com"]
[Source "ChessBase"]
[SourceQuality "1"]
[TimeControl "5400+30"]

1. e4 c5 2. Nf3 e6 3. d4 cxd4 4. Nxd4 Nc6 5. Nc3 Qc7 6. f4 d6 7. Be3 Nf6 8. Qf3 a6 9. Bd3 Rb8 $16 (9... Be7 $14) 10. O-O Nb4 11. Qg3 g6 12. Rac1 Bg7 13. a3 Nc6 14. e5 Nxd4 15. Bxd4 Nd7 16. Ne4 dxe5 17. fxe5 O-O 18. Kh1 b5 19. Qg5 Bxe5 20. Nf6+ Bxf6 21. Rxf6 e5 22. Bc3 Rb6 23. Rxb6 Qxb6 24. Rd1 f6 25. Qh6 Rf7 26. Bxg6 hxg6 27. Qxg6+ Kf8 28. Bb4+ Ke8 29. Rd6 Qxd6 30. Bxd6 Nf8 31. Qg8 Bf5 32. Kg1 Bh7 33. Qg4 f5 34. Qh5 e4 35. g3 Nd7 36. Qd1 Nb6 37. Qd4 Nc4 38. Bf4 Rd7 39. Qh8+ 1-0

[Event "Al Mahmud Memorial Probashi Chess-ch 202"]
[Site "Dhaka"]
[Date "2022.02.13"]
[Round "9.7"]
[White "Noshin, Anjum"]
[Black "Mohammad Minhaz Uddin"]
[Result "1-0"]
[ECO "C42"]
[WhiteElo "2017"]
[BlackElo "2267"]
[Annotator "NA"]
[PlyCount "55"]
[EventDate "2022.02.06"]
[EventCountry "BAN"]
[SourceTitle "playchess.com"]
[Source "ChessBase"]
[SourceQuality "1"]
[TimeControl "5400+30"]

1. e4 e5 2. Nf3 Nf6 3. Nxe5 d6 4. Nf3 Nxe4 5. d4 d5 6. Bd3 Nc6 7. O-O Be7 8. c4 Nb4 9. Be2 O-O 10. Nc3 Bf5 11. a3 Nxc3 12. bxc3 Nc6 $1 13. Re1 Bf6 14. cxd5 Qxd5 15. Bf4 Rac8 16. Qc1 Na5 17. c4 Qd7 $11 18. Qc3 Qa4 19. Bd1 Qxc4 20. Qxa5 Bd3 21. Rc1 Qa2 22. Qd2 Qxd2 23. Bxd2 Rfd8 24. Bc2 Bxc2 25. Rxc2 c6 26. Be3 Rd5 27. Rc5 Rcd8 28. Rxd5 1-0

[Event "Al Mahmud Memorial Probashi Chess-ch 202"]
[Site "Dhaka"]
[Date "2022.02.13"]
[Round "9.8"]
[White "Subrota, Biswas"]
[Black "Tutul, Dhar"]
[Result "1-0"]
[ECO "B12"]
[WhiteElo "2202"]
[BlackElo "1985"]
[Annotator "NA"]
[PlyCount "77"]
[EventDate "2022.02.06"]
[EventCountry "BAN"]
[SourceTitle "playchess.com"]
[Source "ChessBase"]
[SourceQuality "1"]
[TimeControl "5400+30"]

1. e4 c6 2. d4 d5 3. e5 Bf5 4. Nf3 e6 5. Be2 c5 6. Be3 Ne7 7. dxc5 Nec6 8. Nd4 Nxd4 9. Bxd4 Nc6 10. Bb5 Qa5+ 11. Nc3 a6 12. Bxc6+ bxc6 13. a3 h5 14. b4 Qc7 15. O-O h4 16. f4 Be7 17. Na4 h3 18. g3 g6 19. Qe2 g5 20. Nb6 Ra7 21. c4 Be4 22. cxd5 cxd5 {[%emt 0:00:54] [#]} 23. Nc4 $18 Bg2 24. Nd6+ Kf8 25. fxg5 Bxg5 26. Be3 Bxe3+ 27. Qxe3 Qc6 28. Rf2 Rh5 29. Qf4 Rh7 30. Qf6 Rd7 31. Qxe6 Re7 32. Qf5 Rg7 33. e6 Be4 34. Qf6 d4 35. exf7 Qa8 36. Re1 d3 37. Rxe4 Rexf7 38. Qe7+ Kg8 39. Rxf7 1-0